 Dungeon Crawl Stone Soup version 0.28-a0-1594-ga885d4b3d6 (webtiles) character file.

Game seed: 11933803132994238842

280 innerfire433 the Skirmisher (level 6, -2/49 HPs)
             Began as a Demonspawn Chaos Knight on Jan 20, 2022.
             Was a Plaything of Xom.
             Slain by a lemure (6 damage)
             ... led by Pikel
             ... on level 4 of the Dungeon.
             The game lasted 00:05:41 (3452 turns).

innerfire433 the Skirmisher (DsCK)                  Turns: 3452, Time: 00:05:41

Health: -2/49      AC: 10    Str: 21    XL:     6   Next: 5%
Magic:  6/6        EV: 11    Int: 13    God:    Xom [......]
Gold:   152        SH:  4    Dex: 12    Spells: 5/5 levels left

rFire   . . .      SeeInvis .   a - +0 mace (chaos)
rCold   + . .      Faith    .   (no shield)
rNeg    . . .      Spirit   .   b - +2 leather armour
rPois   .          Reflect  .   (no helmet)
rElec   .          Harm     .   (no cloak)
rCorr   .          Rampage  .   (no gloves)
Will    .....                   (no boots)
Stlth   +.........              (no amulet)
HPRegen 0.16/turn               f - +6 ring of strength
MPRegen 0.10/turn               (no ring)

@: no status effects
A: foul stench 1, icemail 1, sharp scales 1, condensation shield, cold
resistance 1, mutation resistance 1
a: Renounce Religion


You were on level 4 of the Dungeon.
You worshipped Xom.
You were a very special plaything of Xom.
You visited 1 branch of the dungeon, and saw 4 of its levels.

You collected 152 gold pieces.

Inventory:

Hand Weapons
 a - a +0 mace of chaos (weapon)
Armour
 b - a +2 leather armour (worn)
 e - a +0 ring mail
Jewellery
 f - a +6 ring of strength (left hand)
Scrolls
 c - 3 scrolls of identify
 d - a scroll of fog


   Skills:
 + Level 4.6 Fighting
 + Level 4.1 Maces & Flails
 + Level 3.5 Armour
 - Level 1.0 Dodging


You had 5 spell levels left.
You didn't know any spells.
Your spell library contained the following spells:

 Spells                   Type           Power      Damage    Failure   Level
 Slow                     Hex            0%         N/A       34%         1
 Inner Flame              Hex/Fire       0%         N/A       71%         3


Dungeon Overview and Level Annotations

Branches:
Dungeon (4/15)
 Temple: D:4-7

Altars:

Shops:
D:2 *

Annotations:
D:4 Ijyb, Pikel


Innate Abilities, Weirdness & Mutations

You may rarely emit foul miasma when damaged in melee.
A meltable icy envelope protects you from harm. (AC +4)
You are partially covered in razor-sharp scales. (AC +1, Slay +1)
A meltable shield of frost defends you. (SH +4)
Your flesh is cold resistant. (rC+)
You are somewhat resistant to further mutation.


Message History

You block Pikel's attack.
Unknown command.
You hit Pikel but do no damage.
Pikel is severely wounded.
The giant cockroach bites you. The lemure misses you.
You block the lemure's attack. The lemure barely misses you.
The lemure hits you!
Pikel hits you with a +2 whip of freezing!
Pikel freezes you.
The giant cockroach bites you but does no damage.
You barely miss Pikel.
Pikel is severely wounded.
The lemure barely misses you. x2; The lemure closely misses you.
Pikel barely misses you. The lemure hits you.
* * * LOW HITPOINT WARNING * * *
The giant cockroach bites you but does no damage.
The lemure hits you but does no damage.
You closely miss Pikel.
Pikel is severely wounded.
The giant cockroach bites you but does no damage.
The lemure hits you but does no damage. The lemure misses you.
Pikel misses you.
The lemure hits you but does no damage. x2
The giant cockroach closely misses you. You block the lemure's attack.
Pikel hits you with a +2 whip of freezing.
* * * LOW HITPOINT WARNING * * *
The lemure barely misses you. The lemure hits you but does no damage.
You barely miss Pikel.
Pikel is severely wounded.
The giant cockroach closely misses you. The lemure closely misses you.
The lemure barely misses you. The lemure hits you.
* * * LOW HITPOINT WARNING * * *
You block Pikel's attack. The lemure hits you.
* * * LOW HITPOINT WARNING * * *
You hit Pikel but do no damage.
Pikel easily resists.
Pikel is severely wounded.
You block the giant cockroach's attack. The lemure barely misses you.
Ijyb the Twisted Goblin comes into view.
She is wielding a +0 club and carrying a wand of polymorph (5).
The lemure hits you.
You die...
Xom howls with laughter!

###### #....#
#....# #.55.#
#cK@$#
#..#.55B#
#..$.cJO#
.........#
.#...#.....
.....#.....$#
.##. :....$##
##...).#g#
..####..


You could see Pikel, an ogre, 4 lemures, Ijyb (wandering), 2 centaurs, a jelly
and a giant cockroach.

Vanquished Creatures
  A scorpion (D:3)
  An orc priest (D:3)
  Jessica (D:3)
  2 orc wizards
  3 adders (D:2)
  A worm (D:3)
  A dart slug (D:3)
  13 orcs (D:3)
  8 endoplasms
  5 goblins
  4 hobgoblins
  3 jackals (D:2)
  6 kobolds
  5 quokkas
  4 ball pythons
  A bat (D:2)
  4 frilled lizards
  10 rats
73 creatures vanquished.

Notes
Turn   | Place    | Note
-------+----------+-------------------------------------------
     0 | D:1      | innerfire433 the Demonspawn Chaos Knight began the quest
                  | for the Orb.
     0 | D:1      | Reached XP level 1. HP: 18/18 MP: 1/1
    37 | D:1      | XOM: divination: magic mapping
    39 | D:1      | XOM: divination: magic mapping
   137 | D:1      | Reached skill level 1 in Dodging
   155 | D:1      | Gained mutation: A meltable shield of frost defends you.
                  | (SH +4) [demonic ancestry]
   155 | D:1      | Reached XP level 2. HP: 1/24 MP: 2/2
   268 | D:1      | XOM: silly message
   280 | D:1      | XOM: divination: detect creatures
   592 | D:1      | XOM: potion effect (berserk rage)
   612 | D:1      | XOM: smoke on damage
   646 | D:1      | Gained mutation: Your flesh is cold resistant. (rC+)
                  | [potion of mutation]
   975 | D:1      | Got the Tome of the Oath
   976 | D:1      | XOM: divination: detect items
  1378 | D:2      | Found Moosmun's General Store.
  1393 | D:2      | Gained mutation: You may rarely emit foul miasma when
                  | damaged in melee. [demonic ancestry]
  1393 | D:2      | Reached XP level 3. HP: 27/29 MP: 3/3
  1597 | D:2      | XOM: god gift: robe {god gift}
  1684 | D:2      | XOM: confusion (+ monsters)
  1883 | D:2      | XOM: summons 2 hostile demons
  2212 | D:2      | Gained mutation: You are partially covered in razor-sharp
                  | scales. (AC +1, Slay +1) [demonic ancestry]
  2212 | D:2      | Reached XP level 4. HP: 32/37 MP: 4/4
  2285 | D:2      | XOM: give mutation
  2285 | D:2      | Gained mutation: You are somewhat resistant to further
                  | mutation. [Xom's mischief]
  2337 | D:3      | Noticed a scorpion
  2343 | D:3      | XOM: silly message
  2347 | D:3      | Killed a scorpion
  2349 | D:3      | HP: 1/37 [poisoned by a scorpion]
  2560 | D:2      | XOM: stat loss: -1 Int (11/13)
  2610 | D:3      | Gained mutation: A meltable icy envelope protects you from
                  | harm. (AC +4) [demonic ancestry]
  2610 | D:3      | Reached XP level 5. HP: 36/42 MP: 5/5
  2676 | D:3      | XOM: butterfly on damage
  2680 | D:3      | XOM: enchant monster (good)
  3187 | D:3      | Noticed Jessica
  3193 | D:3      | Killed Jessica
  3194 | D:3      | Reached XP level 6. HP: 39/49 MP: 6/6
  3238 | D:3      | XOM: silly message
  3432 | D:4      | Noticed Pikel
  3434 | D:4      | XOM: fake destruction
  3438 | D:4      | XOM: silly message
  3452 | D:4      | Noticed Ijyb
  3452 | D:4      | Slain by a lemure

Illustrated notes

Levels and vault maps discovered:
D:1:      minmay_arrival_diagonal_passages, layout_basic
D:2:      layout_basic, serial_glass, glass_columns_a, glass_columns_b,
          glass_columns_c, serial_shops, shop
D:3:      layout_basic, uniq_jessica
D:4:      layout_basic, minmay_manual_mares, uniq_menkaure, uniq_pikel,
          uniq_eustachio, uniq_ijyb

Skill      XL: |  1  2  3  4  5 |
---------------+----------------+-----
Dodging        | 1 |  1.0
Armour         | 2 3 |  3.5
Maces & Flails | 3 4 |  4.1
Fighting       | 4 |  4.6

Action                   |  1- 3 |  4- 6 || total
-------------------------+-------+-------++-------
Melee: Mace              |   126 |    88 ||   214
       Punch             |     2 |     1 ||     3
  Use: Potion            |     2 |     2 ||     4
       Scroll            |       |     6 ||     6
Armor: Leather armour    |    66 |    55 ||   121
Dodge: Dodged            |   110 |    67 ||   177
Block: Other             |    30 |    29 ||    59

Table legend: (Time is in decaauts)
 A = Elapsed time spent in this place.
 B = Non-inter-level travel time spent in this place.
 C = Inter-level travel time spent in this place.
 D = Time resting spent in this place.
 E = Time spent auto-exploring this place.
 F = Levels seen in this place.
 G = Mean time per level.
                   A        B        C        D        E       F      G
               +--------+--------+--------+--------+--------+-----+--------+
         Total |   3511 |   3450 |     61 |      0 |   2795 |   4 |  877.8 |
       Dungeon |   3511 |   3450 |     61 |      0 |   2795 |   4 |  877.8 |
               +--------+--------+--------+--------+--------+-----+--------+

Top non-repeatable levels by time:
     D:2: 1439 daAuts
     D:1: 1369 daAuts
     D:3: 679 daAuts
     D:4: 23 daAuts
